 Dungeon Crawl Stone Soup version 0.21-a0-352-g5b8f553 (webtiles) character file.

470 Hasart the Firebug (level 6, -6/32 HPs)
             Began as a Deep Elf Fire Elementalist on Oct 11, 2017.
             Was an Initiate of Vehumet.
             Killed from afar by p0werm0de's ghost (7 damage)
             ... with a magic dart
             ... on level 4 of the Dungeon.
             The game lasted 00:15:11 (4224 turns).

Hasart the Firebug (Deep Elf Fire Elementalist)     Turns: 4224, Time: 00:15:12

Health: -6/32      AC:  2    Str:  5    XL:     6   Next: 82%
Magic:  2/15       EV: 13    Int: 22    God:    Vehumet [......]
Gold:   143        SH:  0    Dex: 15    Spells: 3/15 levels left

rFire    . . .     SeeInvis .   n - +1 flail (holy)
rCold    . . .     Gourm    .   (no shield)
rNeg     . . .     Faith    .   p - +0 robe
rPois    .         Spirit   .   (no helmet)
rElec    .         Reflect  .   (no cloak)
rCorr    .         Harm     .   (no gloves)
MR       .....                  (no boots)
Stlth    ++........             (no amulet)
HPRegen  0.10/turn              (no ring)
MPRegen  0.14/turn              (no ring)

@: very slightly contaminated
A: no striking features
a: Renounce Religion


You were on level 4 of the Dungeon.
You worshipped Vehumet.
Vehumet was noncommittal.
You were hungry.

You visited 2 branches of the dungeon, and saw 5 of its levels.

You collected 143 gold pieces.

Inventory:

Hand Weapons
 l - a +1 dagger of venom
 n - a +1 flail of holy wrath (weapon)
Armour
 p - a +0 robe (worn)
 s - a +0 buckler
Scrolls
 i - 2 scrolls of remove curse
 j - a scroll of blinking
 r - a scroll of identify
Potions
 a - a potion of haste {unknown}
 e - a potion of berserk rage
 k - a potion of brilliance
 m - a potion of flight {unknown}
 o - 2 potions of curing {unknown}
 q - a potion of heal wounds {unknown}
Books
 b - a book of Flames

   Spells                             Type                      Level
   a - Flame Tongue                   Conjuration/Fire             1
   b - Throw Flame                    Conjuration/Fire             2
   c - Conjure Flame                  Conjuration/Fire             3
   d - Inner Flame                    Hexes/Fire                   3
   e - Sticky Flame                   Conjuration/Fire             4
   f - Fireball                       Conjuration/Fire             5
 d - a book of Spatial Translocations

   Spells                             Type                      Level
   a - Blink                          Translocation                2
   b - Shroud of Golubria             Charms/Translocation         2
   c - Lesser Beckoning               Translocation                3
   d - Gell's Gravitas                Translocation                3
   e - Teleport Other                 Translocation                3
   f - Passage of Golubria            Translocation                4
Comestibles
 c - 6 bread rations
 f - 3 royal jellies
 g - a meat ration
 h - a fruit
 t - 4 chunks of flesh


   Skills:
 - Level 2.4 Dodging
 - Level 2.4 Stealth
 + Level 5.1 Spellcasting
 * Level 5.0 Conjurations
 * Level 5.9 Fire Magic


You had 3 spell levels left.
You knew the following spells:

 Your Spells              Type           Power        Failure   Level  Hunger
a - Flame Tongue          Conj/Fire      ####.        1%          1    None
b - Sticky Flame          Conj/Fire      ####....     11%         4    ####...
c - Fireball              Conj/Fire      ####......   28%         5    #####..
d - Blink                 Tloc           N/A          16%         2    None


Dungeon Overview and Level Annotations

Branches:
Dungeon (4/15)             Temple (1/1) D:4

Altars:
Ashenzari
Cheibriados
Dithmenos
Elyvilon
Fedhas
Gozag
Hepliaklqana
Kikubaaqudgha
Makhleb
Nemelex Xobeh
Okawaru
Qazlal
Ru
Trog
Uskayaw
Vehumet
Xom
Yredelemnul
Zin

Annotations:
D:2 2 transporters
D:4 p0werm0de's ghost, weakling GnWz


Message History

Unknown command.
Unknown command.
P0werm0de's ghost's fingertips begin to glow.
Casting: Fireball
Confirm with . or Enter, or press ? or * to list all spells.
Okay, then.
You are feeling hungry.
P0werm0de's ghost mumbles some strange words.
P0werm0de's ghost blinks!
Found a meat ration.
You see here a helmet.
P0werm0de's ghost casts a spell at you. The magic dart hits you!
* * * LOW HITPOINT WARNING * * *
P0werm0de's ghost points at you and mumbles some strange words.
The magic dart hits you!
* * * LOW HITPOINT WARNING * * *
P0werm0de's ghost gestures at you while chanting.
The magic dart hits you!
You die...

######### #........ ## ###
#.####### ... ..# #.# #...
##.# ###.############.# #.##
##...#
#..............#.####.##
#.....##.#.########..........#
.........W....@.....#.#.######
..........##.#####..#.#.#
.%.....[#.##.# ##...#.#.#
......#.#.##.# ♣P.♣♣#.#.#
.#... #.#.##.# ♣≈≈.♣♣.#.# #
##. #.#..... ♣♣.P♣..... . #
#.####.♣ ♣≈P♣#♣... .
#.#.###♣♣♣♣♣♣≈≈♣ ♣ .
#.#....≈P♣P♣.≈≈♣≈♣P


You could see p0werm0de's ghost.

Vanquished Creatures
  A phantom (D:4)
  A scorpion (D:4)
  Jessica (D:3)
  3 orc wizards (D:4)
  A worker ant (D:4)
  Terence (D:3)
  7 gnolls
  4 adders
  An adder skeleton (D:4)
  2 worms (D:3)
  3 dart slugs
  4 leopard geckos (D:1)
  3 orcs (D:4)
  3 ball pythons
  4 giant cockroaches
  7 goblins
  6 hobgoblins
  2 jackals (D:3)
  A quokka (D:2)
  5 bats
  5 frilled lizards
  6 kobolds
  6 rats
77 creatures vanquished.

Notes
Turn   | Place    | Note
-------+----------+-------------------------------------------
     0 | D:1      | Hasart the Deep Elf Fire Elementalist began the quest for the Orb.
     0 | D:1      | Reached XP level 1. HP: 10/10 MP: 6/6
    38 | D:1      | Reached XP level 2. HP: 3/15 MP: 0/8
   665 | D:1      | Reached XP level 3. HP: 19/19 MP: 5/9
  1079 | D:2      | Found a transporter.
  1081 | D:2      | Found a blossoming altar of Fedhas.
  1433 | D:2      | Found a transporter.
  1595 | D:2      | Reached XP level 4. HP: 19/24 MP: 2/11
  1601 | D:2      | Learned a level 4 spell: Sticky Flame
  1818 | D:3      | Noticed Jessica
  1822 | D:3      | Killed Jessica
  2219 | D:3      | Reached XP level 5. HP: 28/28 MP: 8/13
  2260 | D:3      | Found an iron altar of Okawaru.
  2592 | D:3      | Noticed Terence
  2600 | D:3      | Killed Terence
  2995 | D:4      | Noticed a phantom
  3005 | D:4      | Killed a phantom
  3005 | D:4      | Reached skill level 5 in Fire Magic
  3005 | D:4      | Reached XP level 6. HP: 19/32 MP: 5/14
  3155 | D:4      | Found a staircase to the Ecumenical Temple.
  3164 | Temple   | Entered the Ecumenical Temple
  3409 | Temple   | Became a worshipper of Vehumet
  3789 | D:4      | Reached skill level 5 in Spellcasting
  3901 | D:4      | Noticed p0werm0de's ghost (weakling GnWz)
  4025 | D:4      | Learned a level 5 spell: Fireball
  4028 | D:4      | Learned a level 2 spell: Blink
  4170 | D:4      | Reached skill level 5 in Conjurations
  4223 | D:4      | HP: 1/32 [p0werm0de's ghost/magic dart (7)]
  4224 | D:4      | Killed from afar by p0werm0de's ghost

Vault maps used:
D:1:      dpeg_arrival_windows_large_door
D:2:      gammafunk_temple_overflow_arena, first_bread, hangedman_glass_teeth
D:3:      grunt_ministairs_13, kennysheep_flooded_box, uniq_jessica,
          uniq_terence
D:4:      minmay_temple_entry_junction, serial_bayou_crossing
Temple:   dpeg_five_rooms_temple

Skill      XL: |  1  2  3  4  5  6 |
---------------+-------------------+-----
Conjurations   | 2 3 4 5 |  5.0
Fire Magic     | 4 5 |  5.9
Spellcasting   | 4 5 |  5.1
Dodging        | |  2.4
Stealth        | |  2.4

Action                   |  1- 3 |  4- 6 || total
-------------------------+-------+-------++-------
Melee: Dagger            |     7 |     6 ||    13
       Flail             |       |    13 ||    13
 Cast: Flame Tongue      |    68 |    49 ||   117
       Sticky Flame      |       |    12 ||    12
       Fireball          |       |     3 ||     3
  Use: Scroll            |     6 |     1 ||     7
       Potion            |     1 |       ||     1
 Stab: Sleeping          |       |     2 ||     2
  Eat: Chunk             |     1 |    12 ||    13
Armor: Robe              |     3 |     3 ||     6
Dodge: Dodged            |    30 |    38 ||    68

Table legend:
 A = Spawn XP
 B = Non-spawn XP
 C = Spawn XP percentage of total XP
 D = Spawn monster count
 E = Non-spawn monster count
 F = Spawn count percentage of total count
 G = Total turns spent on level
                    A         B        C        D         E        F      G
               +---------+---------+-------+---------+---------+-------+---------
         Total |       0 |     672 |   0.0 |       0 |      77 |   0.0 |  4224
               +---------+---------+-------+---------+---------+-------+---------
           D:1 |       0 |      47 |   0.0 |       0 |      26 |   0.0 |   843
           D:2 |       0 |      35 |   0.0 |       0 |      12 |   0.0 |   829
           D:3 |       0 |     184 |   0.0 |       0 |      24 |   0.0 |  1357
           D:4 |       0 |     406 |   0.0 |       0 |      15 |   0.0 |   918
               +---------+---------+-------+---------+---------+-------+---------
